 Dungeon Crawl Stone Soup version 0.27-a0-1186-g8b4daa1eef (webtiles) character file.

Game seed: 10546032207189840918

1096 night the Covert (level 8, -4/54 HPs)
             Began as an Octopode Brigand on May 19, 2021.
             Was a Believer of Sif Muna.
             Hit by a large rock thrown by a cyclops (47 damage)
             ... on level 6 of the Dungeon.
             The game lasted 00:10:08 (6030 turns).

night the Covert (Octopode Brigand)                 Turns: 6030, Time: 00:10:09

Health: -4/54      AC:  1    Str: 11    XL:     8   Next: 31%
Magic:  8/8        EV: 14    Int: 15    God:    Sif Muna [**....]
Gold:   180        SH:  0    Dex: 13    Spells: 4/7 levels left

rFire    . . .     SeeInvis .   a - +7 rapier of Light {freeze, rCorr}
rCold    + . .     Faith    .   (no shield)
rNeg     . . .     Spirit   .   (helmet restricted)
rPois    .         Reflect  .   (no amulet)
rElec    .         Harm     .   m - ring of protection from cold
rCorr    +         Rampage  .   (no ring)
Will     .....                  (no ring)
Stlth    +++++.....             (no ring)
HPRegen  0.18/turn              (no ring)
MPRegen  0.11/turn              (no ring)
                                (no ring)
                                (no ring)

@: no status effects
A: almost no armour, amphibious, 8 rings, camouflage 1, gelatinous body 1,
(nimble swimmer 1), tentacles
a: Renounce Religion, Channel Magic


You were on level 6 of the Dungeon.
You worshipped Sif Muna.
Sif Muna was pleased with you.
You visited 1 branch of the dungeon, and saw 6 of its levels.

You collected 393 gold pieces.
You spent 213 gold pieces at shops.

Inventory:

Hand Weapons
 a - the +7 rapier of Light (weapon) {freeze, rCorr}
   (You bought it in a shop on level 1 of the Dungeon)

   It has been specially enchanted to freeze those struck by it, causing extra
   injury to most foes and up to half again as much damage against particularly
   susceptible opponents.
   It can also slow down cold-blooded creatures.
   It protects you from acid and corrosion.
 s - a +3 dagger of draining
Missiles
 b - 52 poisoned darts (quivered)
 c - 2 curare-tipped darts
 d - 209 stones
 g - 53 bolts
 k - 43 sling bullets
 u - 4 boomerangs
 B - 25 arrows
Magical Staves
 y - a staff of poison
Jewellery
 m - a ring of protection from cold (left tentacle)
Wands
 w - a wand of flame (22)
Scrolls
 e - 4 scrolls of identify
 j - 2 scrolls of enchant weapon
 l - 3 scrolls of teleportation
 t - 2 scrolls of magic mapping
 v - a scroll of brand weapon
 x - a scroll of fear {unknown}
 z - a scroll of summoning {unknown}
Potions
 h - a potion of resistance
 i - a potion of haste {unknown}
 n - a potion of heal wounds {unknown}
 o - 4 potions of brilliance
 p - a potion of curing {unknown}
 q - a potion of cancellation {unknown}
 r - a potion of flight {unknown}
 A - a potion of berserk rage {unknown}
 C - a potion of might {unknown}


   Skills:
 + Level 3.8 Fighting
 * Level 5.2 Short Blades
 + Level 3.9 Throwing
 + Level 3.3 Dodging
 * Level 8.8 Stealth
 + Level 2.4 Hexes


You had 4 spell levels left.
You knew the following spells:

 Your Spells              Type           Power      Damage    Failure   Level
a - Confusing Touch       Hex            7%         N/A       30%         3

Your spell library contained the following spells:

 Spells                   Type           Power      Damage    Failure   Level
 Corona                   Hex            7%         N/A       10%         1
 Sting                    Tmut/Pois      0%         1d3       26%         1
 Ensorcelled Hibernation  Hex/Ice        6%         N/A       26%         2
 Tukima's Dance           Hex            7%         N/A       30%         3
 Poisonous Vapours        Pois/Air       0%         N/A       38%         2
 Sublimation of Blood     Necr           0%         N/A       38%         2
 Dazzling Flash           Conj/Hex       6%         N/A       45%         3
 Animate Dead             Necr           0%         N/A       95%         4
 Dispel Undead            Necr           0%         3d6       95%         4
 Excruciating Wounds      Necr           0%         N/A       100%        5


Dungeon Overview and Level Annotations

Branches:
Dungeon (6/15)             Temple (0/1) D:6

Altars:
Hepliaklqana
Okawaru
Sif Muna
Trog
Wu Jian
Xom

Shops:
D:1 (   D:5 ?


Innate Abilities, Weirdness & Mutations

You cannot wear most types of armour.
You are amphibious.
You can wear up to eight rings at the same time.
Your skin changes colour to match your surroundings (Stealth+).
Your rubbery body absorbs attacks. (AC +1, EV +1)
((You are camouflaged near water. (Stealth+)))
You have tentacles for arms and can constrict up to eight enemies at once.


Message History

The cyclops is lightly wounded.
The cyclops throws a large rock.
The large rock misses you.
Throw: 56 darts (poison)
Press: ? - help, Q - select action, (/) - cycle Shift-Dir - straight line, f/p - cyclops
Aim: a cyclops, quivering large rocks (lightly wounded, very poisoned, 86% to hit)
You throw a poisoned dart. The poisoned dart hits the cyclops!
The cyclops looks as sick as possible!
The cyclops is lightly wounded.
The cyclops throws a large rock.
The large rock hits you!!
* * * LOW HITPOINT WARNING * * *
There is a stone staircase leading up here.
You climb upwards.
There is a stone staircase leading down here.
You start resting.
HP restored.
You climb downwards.
There is a stone staircase leading up here.
The cyclops throws a large rock.
The large rock hits you!
Throw: 55 darts (poison)
Press: ? - help, Q - select action, (/) - cycle Shift-Dir - straight line, f - cyclops
Aim: a cyclops, quivering large rocks (86% to hit)
You throw a poisoned dart. The poisoned dart hits the cyclops.
The cyclops is poisoned.
Throw: 54 darts (poison)
Press: ? - help, Q - select action, (/) - cycle Shift-Dir - straight line, f/p - cyclops
Aim: a cyclops, quivering large rocks (poisoned, 86% to hit)
You throw a poisoned dart. The poisoned dart hits the cyclops!
The cyclops looks even sicker.
There is a stone staircase leading up here.
The cyclops throws a large rock.
The large rock closely misses you.
The cyclops throws a large rock.
The large rock closely misses you.
Throw: 53 darts (poison)
Press: ? - help, Q - select action, (/) - cycle Shift-Dir - straight line, f/p - cyclops
Aim: a cyclops, quivering large rocks (lightly wounded, very poisoned, 86% to hit)
You throw a poisoned dart. The poisoned dart hits the cyclops.
The cyclops looks even sicker.
The cyclops is lightly wounded.
The cyclops throws a large rock.
The large rock hits you!!!
Ouch! That really hurt!
You die...

###### ### #....## ####
##.###.....####..## ###
#...###....#......# #..
#....##..........#### ####..
#...##............#.###.#...
##.........@.........#......
#####..#....[............#..#...
##.#.....#..................>.#.#
#........#....................#.#
......##.....#...................
#.....##....###.<...........#....
.....####[...##..........##......
#....###..#.###.C........##......
.....?##..#...........#.####..###


You could see a cyclops (very poisoned).

Vanquished Creatures
  A water moccasin (D:6)
  A necrophage (D:6)
  2 ogres
  2 bullfrogs (D:6)
  A scorpion (D:5)
  A wyvern zombie (D:6)
  A water moccasin skeleton (D:5)
  A bullfrog zombie (D:5)
  A centaur skeleton (D:6)
  A hound (D:5)
  2 bullfrog skeletons
  2 orc priests (D:6)
  An iguana (D:6)
  Natasha (thrice) (D:3)
  An orc wizard (D:6)
  A scorpion zombie (D:5)
  5 adders
  A worm (D:2)
  3 orcs
  8 endoplasms
  3 giant cockroaches (D:1)
  A goblin (D:1)
  10 hobgoblins
  5 kobolds
  5 ball pythons
  2 bats (D:1)
  4 frilled lizards
  A rat (D:1)
70 creatures vanquished.

Notes
Turn   | Place    | Note
-------+----------+-------------------------------------------
     0 | D:1      | night the Octopode Brigand began the quest for the Orb.
     0 | D:1      | Reached XP level 1. HP: 14/14 MP: 1/1
   208 | D:1      | Reached XP level 2. HP: 19/19 MP: 2/2
   369 | D:1      | Found a faded altar of an unknown god.
   375 | D:1      | Became a worshipper of Sif Muna the Loreminder
   375 | D:1      | Reached * piety under Sif Muna
   683 | D:1      | HP: 1/19 [frozen (4)]
   685 | D:1      | Reached XP level 3. HP: 2/24 MP: 3/3
   693 | D:1      | HP: 2/24 [giant cockroach (1)]
  1054 | D:1      | Found Yheguhui's Antique Weapon Shoppe.
  1901 | D:3      | You fall into a shaft and drop 3 floors!
  1902 | D:6      | Noticed a bullfrog
  1920 | D:6      | Reached skill level 6 in Stealth
  1920 | D:6      | Reached XP level 4. HP: 16/30 MP: 4/4
  2076 | D:6      | Killed a bullfrog
  2077 | D:6      | Reached XP level 5. HP: 33/35 MP: 5/5
  2122 | D:6      | Reached skill level 2 in Dodging
  2235 | D:5      | Entered Level 5 of the Dungeon
  2271 | D:5      | Learned a level 3 spell: Confusing Touch
  2402 | D:4      | Reached ** piety under Sif Muna
  2520 | D:4      | Found an iron altar of Okawaru.
  2521 | D:4      | Found a hazy altar of Hepliaklqana.
  2521 | D:4      | Found a bloodstained altar of Trog.
  2788 | D:3      | Noticed Natasha
  2795 | D:3      | Killed Natasha
  2864 | D:3      | Noticed Natasha
  2878 | D:3      | Killed Natasha
  2879 | D:3      | Reached XP level 6. HP: 28/41 MP: 6/6
  3068 | D:3      | Noticed Natasha
  3073 | D:3      | Killed Natasha
  3219 | D:4      | Reached skill level 7 in Stealth
  3396 | D:4      | Reached skill level 1 in Hexes
  3808 | D:1      | Bought a polished rapier for 171 gold pieces
  3808 | D:1      | Identified the +7 rapier of Light {freeze, rCorr} (You
                  | bought it in a shop on level 1 of the Dungeon)
  3892 | D:4      | Found an ornate altar of the Wu Jian Council.
  4190 | D:5      | Found a shimmering altar of Xom.
  4200 | D:5      | Found Rucukhleu's Magic Scroll Shoppe.
  4232 | D:5      | Bought a scroll of magic mapping for 42 gold pieces
  4482 | D:5      | Reached XP level 7. HP: 39/46 MP: 7/7
  5148 | D:6      | Found a staircase to the Ecumenical Temple.
  5438 | D:6      | Identified the Catalogue of Sinister Intoxication
  5441 | D:6      | Noticed a cyclops
  5450 | D:6      | Reached skill level 8 in Stealth
  5520 | D:6      | Reached skill level 2 in Hexes
  5544 | D:6      | Reached XP level 8. HP: 37/52 MP: 8/8
  5546 | D:6      | Reached skill level 5 in Short Blades
  5754 | D:6      | HP: 7/54 [cyclops/large rock (24)]
  6030 | D:6      | Hit by a large rock thrown by a cyclops

Illustrated notes

Levels and vault maps discovered:
D:1:      nzn_arrival_depleted_hourglass, layout_basic, serial_shops, shop,
          shapermc_ecumenical_altar_notcrosses, minmay_small_reverse_x
D:2:      layout_loops_cross, serial_glass, glass_columns_b, glass_columns_a
D:3:      wad_pebble_path, layout_basic, uniq_natasha
D:4:      layout_loops_corners, minitemple, nzn_wu_jian_contemplation,
          kennysheep_generic_room_2
D:5:      layout_loops_corners, amcnicky_altar_gilded, serial_shops, shop,
          roderic_serpentine_path
D:6:      minmay_clustersquares, layout_cave_pools,
          minmay_temple_entry_overgrown

Skill      XL: |  1  2  3  4  5  6  7  8 |
---------------+-------------------------+-----
Short Blades   | 3 4 5 |  5.2
Stealth        | 6 7 8 |  8.8
Dodging        | 2 3 |  3.3
Throwing       | 3 |  3.9
Hexes          | 1 2 |  2.4
Fighting       | 3 |  3.8

Action                   |  1- 3 |  4- 6 |  7- 9 || total
-------------------------+-------+-------+-------++-------
Melee: Dagger            |    59 |    31 |       ||    90
       Constrict         |     4 |    10 |     9 ||    23
       Tentacles         |     4 |     8 |     4 ||    16
       Rapier            |       |     4 |    42 ||    46
Throw: Dart              |       |    12 |    13 ||    25
  Use: Scroll            |     5 |     2 |     3 ||    10
 Stab: Sleeping          |    19 |     6 |     3 ||    28
Armor: Skin              |     4 |       |     4 ||     8
Dodge: Dodged            |    18 |    13 |    26 ||    57

Table legend: (Time is in decaauts)
 A = Elapsed time spent in this place.
 B = Non-inter-level travel time spent in this place.
 C = Inter-level travel time spent in this place.
 D = Time resting spent in this place.
 E = Time spent auto-exploring this place.
 F = Levels seen in this place.
 G = Mean time per level.
                   A        B        C        D        E       F      G
               +--------+--------+--------+--------+--------+-----+--------+
         Total |   6015 |   5684 |    331 |   1070 |   3808 |   6 | 1002.5 |
       Dungeon |   6015 |   5684 |    331 |   1070 |   3808 |   6 | 1002.5 |
               +--------+--------+--------+--------+--------+-----+--------+

Top non-repeatable levels by time:
     D:1: 1261 daAuts
     D:5: 1248 daAuts
     D:6: 1030 daAuts
     D:4: 1027 daAuts
     D:3: 745 daAuts
     D:2: 703 daAuts
